ESL (28 & UNDER)
MINNESOTA MANBEARPIGS @ BUTLER WHITE SOX
05/15/2030
 
TOP OF THE 1ST
Minnesota ManBearPigs batting - Pitching for Butler White Sox : LHP Todd Anderson
Pitching: LHP Todd Anderson
Batting: RHB Carlos López 0-0: Ball
1-0: Ball
2-0: Called Strike
2-1: Swinging Strike
2-2: Ball
3-2: Base on Balls
Batting: RHB Jaime Hernández 0-0: Ball
Passed Ball!
Carlos López to second
1-0: Fly out, F4 (Popup, 34)
Batting: LHB Stanley Smith 0-0: Called Strike
0-1: Ball
1-1: Ground out 6-3 (Groundball, 6)
Carlos López to third
Batting: SHB Jorge Rodríguez 0-0: Called Strike
0-1: Called Strike
0-2: Ball
1-2: Ball
2-2: Ball
3-2: Ground out 4-3 (Groundball, 4)
Top of the 1st over - 0 runs, 0 hits, 0 errors, 1 left on base; Minnesota 0 - Butler 0
BOTTOM OF THE 1ST
Butler White Sox batting - Pitching for Minnesota ManBearPigs : RHP Dan Catron
Pitching: RHP Dan Catron
Batting: RHB Luis Fuentes 0-0: Ball
1-0: Ball
2-0: Ball
3-0: Called Strike
3-1: Ground out 5-3 (Groundball, 56S)
Batting: LHB Sam Haynes 0-0: Ball
1-0: Ball
2-0: Foul Ball, location: 2F
2-1: Ball
3-1: Swinging Strike
3-2: Strikes out looking
Batting: SHB Ben Marks 0-0: SINGLE (Groundball, 56S) (infield hit)
Batting: LHB Jim Knight 0-0: Called Strike
0-1: Called Strike
0-2: Ball
Ben Marks steals 2nd base
1-2: Ball
2-2: Ball
3-2: SINGLE (Groundball, 56D)
Ben Marks to third
Ben Marks scores
Batting: LHB Josh Pérez 0-0: Ball
1-0: Swinging Strike
1-1: Swinging Strike
1-2: Ground out 4-3 (Groundball, 4)
Bottom of the 1st over - 1 run, 2 hits, 0 errors, 1 left on base; Minnesota 0 - Butler 1
TOP OF THE 2ND
Minnesota ManBearPigs batting - Pitching for Butler White Sox : LHP Todd Anderson
Batting: SHB Darrel Lang 0-0: Ball
1-0: Ball
2-0: Ball
3-0: Called Strike
3-1: Fly out, F4 (Popup, 34S)
Batting: SHB William Hamilton 0-0: Called Strike
0-1: Fly out, F8 (Line Drive, 78M)
Batting: RHB Álex Martínez 0-0: Ball
1-0: Ball
2-0: Ball
3-0: Called Strike
3-1: Base on Balls
Batting: LHB Pedro Escobar 0-0: Called Strike
0-1: 2-RUN HOME RUN (Flyball, 9LD), Distance : 366 ft
Batting: RHB Juan Trujillo 0-0: Foul Ball, location: 2F
0-1: Swinging Strike
0-2: Strikes out looking
Top of the 2nd over - 2 runs, 1 hit, 0 errors, 0 left on base; Minnesota 2 - Butler 1
BOTTOM OF THE 2ND
Butler White Sox batting - Pitching for Minnesota ManBearPigs : RHP Dan Catron
Batting: SHB Giel Molendijk 0-0: Ball
1-0: Called Strike
1-1: Ground out 3-1 (Groundball, 23)
Batting: RHB Ángel Serrano 0-0: Foul Ball, location: 2F
0-1: Ball
1-1: Ball
2-1: Called Strike
2-2: Foul Ball, location: 2F
2-2: Fly out, F5 (Line Drive, 5)
Batting: RHB Jerry Moore 0-0: Foul Ball, location: 2F
0-1: Foul Ball, location: 2F
0-2: Ground out 6-3 (Groundball, 6)
Bottom of the 2nd over - 0 runs, 0 hits, 0 errors, 0 left on base; Minnesota 2 - Butler 1
TOP OF THE 3RD
Minnesota ManBearPigs batting - Pitching for Butler White Sox : LHP Todd Anderson
Batting: RHB Carlos López 0-0: Foul Ball, location: 2F
0-1: Ball
1-1: SOLO HOME RUN (Flyball, 7D), Distance : 372 ft
Batting: RHB Jaime Hernández 0-0: SINGLE (Line Drive, 89S)
Batting: LHB Stanley Smith 0-0: Ball
1-0: Ball
2-0: Called Strike
2-1: Ball
3-1: Swinging Strike
3-2: Base on Balls
Jaime Hernández to second
Batting: SHB Jorge Rodríguez 0-0: Ball
Wild Pitch!
Jaime Hernández to third
Stanley Smith to second
1-0: Foul Ball, location: 2F
1-1: Ball
2-1: Foul Ball, location: 2F
2-2: Foul Ball, location: 2F
2-2: SINGLE (Groundball, 56D)
Jaime Hernández scores
Stanley Smith to third
Batting: SHB Darrel Lang 0-0: Called Strike
0-1: Ball
1-1: Called Strike
1-2: Foul Ball, location: 2F
1-2: Strikes out looking
Batting: SHB William Hamilton 0-0: Called Strike
0-1: Fly out, F3 (Popup, 3S)
Batting: RHB Álex Martínez 0-0: Called Strike
0-1: Called Strike
0-2: Ball
1-2: Ball
2-2: Foul Ball, location: 2F
2-2: Fly out, F9 (Flyball, 9S)
Top of the 3rd over - 2 runs, 3 hits, 0 errors, 2 left on base; Minnesota 4 - Butler 1
BOTTOM OF THE 3RD
Butler White Sox batting - Pitching for Minnesota ManBearPigs : RHP Dan Catron
Batting: LHB Denny Allen 0-0: Ball
1-0: Called Strike
1-1: Ball
2-1: Foul Ball, location: 2F
2-2: SINGLE (Line Drive, 34)
Batting: RHB Luis Fuentes 0-0: Ball
1-0: Ball
2-0: Reached on error, E3 (Groundball, 34)
Denny Allen to second
Batting: LHB Sam Haynes 0-0: Swinging Strike
0-1: Called Strike
0-2: Strikes out swinging
Batting: SHB Ben Marks 0-0: Ball
1-0: Called Strike
1-1: Foul Ball, location: 2F
1-2: Foul Ball, location: 2F
1-2: Ball
2-2: Strikes out swinging
Batting: LHB Jim Knight 0-0: Ball
1-0: Foul Ball, location: 2F
1-1: Swinging Strike
1-2: Fly out, F8 (Flyball, 8LXD)
Bottom of the 3rd over - 0 runs, 1 hit, 1 error, 2 left on base; Minnesota 4 - Butler 1
TOP OF THE 4TH
Minnesota ManBearPigs batting - Pitching for Butler White Sox : LHP Todd Anderson
Batting: LHB Pedro Escobar 0-0: Foul Ball, location: 2F
0-1: Foul Ball, location: 2F
0-2: Strikes out swinging
Batting: RHB Juan Trujillo 0-0: Foul Ball, location: 2F
0-1: Called Strike
0-2: Ball
1-2: Strikes out swinging
Batting: RHB Carlos López 0-0: Ball
1-0: Ball
2-0: Ball
3-0: Base on Balls
Batting: RHB Jaime Hernández 0-0: Foul Ball, location: 2F
0-1: Ball
1-1: Called Strike
1-2: Foul Ball, location: 2F
1-2: SINGLE (Line Drive, 89M)
Carlos López to second
Runner from 2nd tries for 3rd, SAFE, no throw
Batting: LHB Stanley Smith 0-0: Ball
1-0: Ball
2-0: Ball
3-0: Base on Balls
Jaime Hernández to second
Batting: SHB Jorge Rodríguez 0-0: Called Strike
0-1: Foul Ball, location: 2F
0-2: SINGLE (Groundball, 4MD)
Carlos López scores
Jaime Hernández to third
Stanley Smith to second
Runner from 3rd tries for Home, SAFE, no throw
Pitching: RHP Juan Silva
Batting: SHB Darrel Lang 0-0: Ball
1-0: Ball
Wild Pitch!
Stanley Smith to third
Jorge Rodríguez to second
2-0: Ball
3-0: Base on Balls
Batting: SHB William Hamilton 0-0: Foul Ball, location: 2F
0-1: SINGLE (Line Drive, 34D)
Stanley Smith scores
Jorge Rodríguez to third
Darrel Lang to second
Runner from 3rd tries for Home, SAFE, no throw
Batting: RHB Álex Martínez 0-0: Ball
1-0: SINGLE (Flyball, 9LM)
Darrel Lang to third
William Hamilton to second
Runner from 3rd tries for Home, SAFE, throw made home
Batting: LHB Pedro Escobar 0-0: Ball
1-0: Ball
2-0: Ball
3-0: Foul Ball, location: 2F
3-1: Base on Balls
William Hamilton to third
Álex Martínez to second
Batting: RHB Juan Trujillo 0-0: Foul Ball, location: 2F
0-1: Swinging Strike
0-2: Foul Ball, location: 2F
0-2: Ball
1-2: Ball
2-2: Foul Ball, location: 2F
2-2: SINGLE (Line Drive, 78S)
William Hamilton scores
Álex Martínez to third
Pedro Escobar to second
Runner from 3rd tries for Home, SAFE, no throw
Batting: RHB Carlos López 0-0: Called Strike
0-1: Ball
1-1: Swinging Strike
1-2: Ball
2-2: Fly out, F8 (Flyball, 8LD)
Top of the 4th over - 7 runs, 5 hits, 0 errors, 2 left on base; Minnesota 11 - Butler 1
BOTTOM OF THE 4TH
Butler White Sox batting - Pitching for Minnesota ManBearPigs : RHP Dan Catron
Batting: LHB Josh Pérez 0-0: Ball
1-0: Ball
2-0: Foul Ball, location: 2F
2-1: Ball
3-1: Base on Balls
Batting: SHB Giel Molendijk 0-0: Called Strike
0-1: Foul Ball, location: 2F
0-2: Ball
1-2: Strikes out swinging
Batting: RHB Ángel Serrano 0-0: Ball
1-0: Foul Ball, location: 2F
1-1: Foul Ball, location: 2F
1-2: Strikes out swinging
Batting: RHB Jerry Moore 0-0: Swinging Strike
0-1: Ball
1-1: Ball
2-1: Ball
3-1: Foul Ball, location: 2F
3-2: Foul Ball, location: 2F
3-2: Foul Ball, location: 2F
3-2: Base on Balls
Josh Pérez to second
Batting: LHB Denny Allen 0-0: Ball
1-0: Called Strike
1-1: Swinging Strike
1-2: Strikes out swinging
Bottom of the 4th over - 0 runs, 0 hits, 0 errors, 2 left on base; Minnesota 11 - Butler 1
TOP OF THE 5TH
Minnesota ManBearPigs batting - Pitching for Butler White Sox : RHP Juan Silva
Batting: RHB Jaime Hernández 0-0: Ball
1-0: Fly out, F8 (Flyball, 8RS)
Batting: LHB Stanley Smith 0-0: Ball
1-0: Fly out, F9 (Flyball, 89M)
Batting: SHB Jorge Rodríguez 0-0: Fly out, F8 (Flyball, 8RS)
Top of the 5th over - 0 runs, 0 hits, 0 errors, 0 left on base; Minnesota 11 - Butler 1
BOTTOM OF THE 5TH
Butler White Sox batting - Pitching for Minnesota ManBearPigs : RHP Dan Catron
Batting: RHB Luis Fuentes 0-0: Foul Ball, location: 2F
0-1: Called Strike
0-2: Strikes out looking
Batting: LHB Sam Haynes 0-0: Ball
1-0: Swinging Strike
1-1: Ball
2-1: Foul Ball, location: 2F
2-2: Strikes out looking
Batting: SHB Ben Marks 0-0: Ball
1-0: Called Strike
1-1: Ground out 4-3 (Groundball, 4)
Bottom of the 5th over - 0 runs, 0 hits, 0 errors, 0 left on base; Minnesota 11 - Butler 1
TOP OF THE 6TH
Minnesota ManBearPigs batting - Pitching for Butler White Sox : RHP Juan Silva
Batting: SHB Darrel Lang 0-0: Ball
1-0: Ball
2-0: Fly out, F8 (Flyball, 8LS)
Batting: SHB William Hamilton 0-0: Ball
1-0: Ball
2-0: Foul Ball, location: 2F
2-1: Ground out 6-3 (Groundball, 6S)
Batting: RHB Álex Martínez 0-0: Ball
1-0: Ball
2-0: Called Strike
2-1: Ball
3-1: Foul Ball, location: 2F
3-2: Foul Ball, location: 2F
3-2: Foul Ball, location: 2F
3-2: Base on Balls
Batting: LHB Pedro Escobar 0-0: Called Strike
Álex Martínez steals 2nd base
0-1: Ball
1-1: Called Strike
1-2: Foul Ball, location: 2F
1-2: Ball
2-2: Ball
3-2: Foul Ball, location: 2F
3-2: Foul Ball, location: 2F
3-2: Base on Balls
Batting: RHB Juan Trujillo 0-0: Foul Ball, location: 2F
0-1: Called Strike
0-2: Ball
1-2: Ball
2-2: Ball
3-2: Strikes out looking
Top of the 6th over - 0 runs, 0 hits, 0 errors, 2 left on base; Minnesota 11 - Butler 1
BOTTOM OF THE 6TH
Butler White Sox batting - Pitching for Minnesota ManBearPigs : RHP Dan Catron
Batting: LHB Jim Knight 0-0: Ball
1-0: Swinging Strike
1-1: Ball
2-1: SINGLE (Groundball, 4MD)
Pitching: LHP José Reyes
Batting: LHB Josh Pérez 0-0: Ball
1-0: Called Strike
1-1: Called Strike
1-2: Strikes out swinging
Batting: SHB Giel Molendijk 0-0: Ball
1-0: Ball
2-0: Fly out, F8 (Flyball, 8RXD)
Batting: RHB Ángel Serrano 0-0: Called Strike
0-1: Ball
1-1: Ball
2-1: Swinging Strike
2-2: Fly out, F3 (Flyball, 3D)
Bottom of the 6th over - 0 runs, 1 hit, 0 errors, 1 left on base; Minnesota 11 - Butler 1
TOP OF THE 7TH
Minnesota ManBearPigs batting - Pitching for Butler White Sox : RHP Juan Silva
Pinch Hitting: RHB Pedro López 0-0: Called Strike
0-1: SINGLE (Groundball, 56D)
Pitching: RHP Armando Rodríguez
Batting: RHB Jaime Hernández 0-0: Called Strike
0-1: Called Strike
0-2: Ball
1-2: SINGLE (Groundball, 5D)
Pedro López to second
Batting: LHB Stanley Smith 0-0: Ball
1-0: Ball
2-0: Ball
3-0: Called Strike
3-1: Foul Ball, location: 2F
3-2: Foul Ball, location: 2F
3-2: SINGLE (Groundball, 4M) (infield hit)
Pedro López to third
Jaime Hernández to second
Batting: SHB Jorge Rodríguez 0-0: Ball
1-0: Ball
2-0: Ball
3-0: Called Strike
3-1: Foul Ball, location: 2F
3-2: Base on Balls
Pedro López scores
Jaime Hernández to third
Stanley Smith to second
Batting: SHB Darrel Lang 0-0: Ball
Wild Pitch!
Jaime Hernández scores
Stanley Smith to third
Jorge Rodríguez to second
1-0: Fly out, F7 (Flyball, 7)
Runner from 3rd tags up, OUT at HOME
Jorge Rodríguez to third
Batting: SHB William Hamilton 0-0: Swinging Strike
0-1: Called Strike
0-2: Fly out, F4 (Popup, 34S)
Top of the 7th over - 2 runs, 3 hits, 0 errors, 1 left on base; Minnesota 13 - Butler 1
BOTTOM OF THE 7TH
Butler White Sox batting - Pitching for Minnesota ManBearPigs : LHP José Reyes
Now at C: Nicoli Turina
Now at SS: Lorenzo Féliz
Now in RF: Carlos Luna
Batting: RHB Jerry Moore 0-0: Called Strike
0-1: SINGLE (Groundball, 6MD)
Batting: LHB Denny Allen 0-0: Called Strike
0-1: Called Strike
0-2: Ball
1-2: SINGLE (Line Drive, 4MD)
Jerry Moore to second
Runner from 2nd tries for 3rd, SAFE, no throw
Batting: RHB Luis Fuentes 0-0: Ball
1-0: Ball
2-0: SINGLE (Groundball, 34D)
Jerry Moore scores
Denny Allen to second
Runner from 2nd tries for 3rd, SAFE, no throw
Batting: LHB Sam Haynes
Pinch Hitting: RHB William Wilson 0-0: Ball
1-0: Called Strike
1-1: Fly out, F9 (Line Drive, 89M)
Runner from 3rd tags up, SCORES, throw made
Batting: SHB Ben Marks 0-0: Ball
1-0: SINGLE (Line Drive, 8RS)
Luis Fuentes to second
Batting: LHB Jim Knight 0-0: Called Strike
Luis Fuentes steals 3rd base
0-1: Ball
1-1: Fly out, F7 (Line Drive, 7)
Runner from 3rd tags up, SCORES, no throw
Batting: LHB Josh Pérez 0-0: Ball
1-0: Swinging Strike
1-1: Ball
2-1: Ball
3-1: Ground out 4-3 (Groundball, 34D)
Bottom of the 7th over - 3 runs, 4 hits, 0 errors, 1 left on base; Minnesota 13 - Butler 4
TOP OF THE 8TH
Minnesota ManBearPigs batting - Pitching for Butler White Sox : RHP Armando Rodríguez
Now at SS: Thomas Dixon
Batting: RHB Álex Martínez 0-0: Swinging Strike
0-1: Ball
1-1: Swinging Strike
1-2: Strikes out swinging
Batting: LHB Pedro Escobar 0-0: Called Strike
0-1: Foul Ball, location: 2F
0-2: Foul Ball, location: 2F
0-2: Ball
1-2: SINGLE (Groundball, 34D)
Batting: RHB Juan Trujillo 0-0: Ball
1-0: SINGLE (Line Drive, 8RS)
Pedro Escobar to second
Batting: LHB Lorenzo Féliz 0-0: Grounds into double play, 4-6-3 (Groundball, 4)
Top of the 8th over - 0 runs, 2 hits, 0 errors, 1 left on base; Minnesota 13 - Butler 4
BOTTOM OF THE 8TH
Butler White Sox batting - Pitching for Minnesota ManBearPigs : LHP José Reyes
Batting: SHB Giel Molendijk 0-0: Ball
1-0: SINGLE (Line Drive, 8LS)
Batting: RHB Ángel Serrano 0-0: Swinging Strike
0-1: Ball
1-1: Ball
2-1: 2-RUN HOME RUN (Flyball, 7D), Distance : 352 ft
Batting: RHB Jerry Moore 0-0: Ball
1-0: Ball
2-0: Foul Ball, location: 2F
2-1: SINGLE (Groundball, 4MD)
Batting: LHB Denny Allen 0-0: Ball
1-0: TRIPLE (Line Drive, 8RXD)
Jerry Moore scores
Pitching: RHP Matt Stevenson
Batting: RHB Luis Fuentes 0-0: Called Strike
0-1: SINGLE (Line Drive, 3D)
Denny Allen scores
Batting: LHB Thomas Dixon 0-0: Foul Ball, location: 2F
0-1: Ball
1-1: Swinging Strike
1-2: Foul Ball, location: 2F
1-2: Foul Ball, location: 2F
1-2: Strikes out looking
Batting: SHB Ben Marks 0-0: Called Strike
0-1: Ball
1-1: Foul Ball, location: 2F
1-2: Foul Ball, location: 2F
1-2: Foul Ball, location: 2F
1-2: Foul Ball, location: 2F
1-2: Ball
2-2: Ball
3-2: Base on Balls
Luis Fuentes to second
Batting: LHB Jim Knight 0-0: Fly out, F8 (Flyball, 78D)
Batting: LHB Josh Pérez Balk!
Luis Fuentes to third
Ben Marks to second
0-0: Ball
1-0: Ball
2-0: Called Strike
2-1: Called Strike
2-2: Ball
3-2: Base on Balls
Batting: SHB Giel Molendijk 0-0: Called Strike
0-1: Ball
1-1: Called Strike
1-2: Foul Ball, location: 2F
1-2: Foul Ball, location: 2F
1-2: Ball
2-2: Ball
3-2: Foul Ball, location: 2F
3-2: Ground out 6-3 (Groundball, 6)
Bottom of the 8th over - 4 runs, 5 hits, 0 errors, 3 left on base; Minnesota 13 - Butler 8
TOP OF THE 9TH
Minnesota ManBearPigs batting - Pitching for Butler White Sox : RHP Armando Rodríguez
Pitching: RHP Wilson Yoxall
Batting: RHB Jaime Hernández 0-0: Called Strike
0-1: Ball
1-1: Fly out, F6 (Line Drive, 6)
Batting: RHB Carlos Luna 0-0: Ball
1-0: Ball
2-0: Ball
3-0: Swinging Strike
3-1: Swinging Strike
3-2: Foul Ball, location: 2F
3-2: Strikes out swinging, 2-3 out at first.
Batting: RHB Nicoli Turina 0-0: Foul Ball, location: 2F
0-1: Swinging Strike
0-2: Ball
1-2: Ball
2-2: Strikes out swinging
Top of the 9th over - 0 runs, 0 hits, 0 errors, 0 left on base; Minnesota 13 - Butler 8
BOTTOM OF THE 9TH
Butler White Sox batting - Pitching for Minnesota ManBearPigs : RHP Matt Stevenson
Batting: RHB Ángel Serrano 0-0: Foul Ball, location: 2F
0-1: Ball
1-1: Ball
2-1: Ball
3-1: Called Strike
3-2: Base on Balls
Batting: RHB Jerry Moore 0-0: Ball
1-0: Ball
2-0: Ball
3-0: Base on Balls
Ángel Serrano to second
Batting: LHB Denny Allen 0-0: Called Strike
0-1: Fly out, F7 (Flyball, 7S)
Batting: RHB Luis Fuentes 0-0: Ball
1-0: Called Strike
1-1: Foul Ball, location: 2F
1-2: Fly out, F8 (Line Drive, 8RD)
Batting: LHB Thomas Dixon 0-0: Ball
1-0: SINGLE (Groundball, 25) (infield hit)
Ángel Serrano to third
Jerry Moore to second
Pitching: RHP José Peña
Batting: SHB Ben Marks 0-0: Ground out 4-3 (Groundball, 4)
Bottom of the 9th over - 0 runs, 1 hit, 0 errors, 3 left on base; Minnesota 13 - Butler 8
Saturday, April 7th, 2018 - OOTP Baseball 18.8 Build 76